 Dungeon Crawl Stone Soup version 0.23.2-40-g277498a001 (webtiles) character file.

Game seed: 15572752111671600743

193 MalarOregon the Skirmisher (level 5, 0/43 HPs)
             Began as a Merfolk Fighter on Aug 13, 2019.
             Slain by an iguana (11 damage)
             ... on level 3 of the Dungeon.
             The game lasted 00:05:35 (3350 turns).

MalarOregon the Skirmisher (Merfolk Fighter)        Turns: 3350, Time: 00:05:36

Health: 0/43       AC:  6    Str: 17    XL:     5   Next: 72%
Magic:  5/5        EV:  7    Int:  8    God:
Gold:   168        SH:  9    Dex: 13    Spells: 4/4 levels left

rFire    . . .     SeeInvis .   a - +0 long sword
rCold    . . .     Gourm    .   c - +0 shield
rNeg     . . .     Faith    .   b - +0 scale mail
rPois    .         Spirit   .   (no helmet)
rElec    .         Reflect  .   (no cloak)
rCorr    .         Harm     .   (no gloves)
MR       .....                  (no boots)
Stlth    ..........             (no amulet)
HPRegen  0.14/turn              (no ring)
MPRegen  0.09/turn              (no ring)

@: no status effects
A: change form in water, swift swim, stealthy swim
a: no special abilities


You were on level 3 of the Dungeon.
You were very hungry.

You visited 1 branch of the dungeon, and saw 4 of its levels.

You collected 168 gold pieces.

Inventory:

Hand Weapons
 a - a +0 long sword (weapon)
Missiles
 o - a throwing net (quivered) {!f}
Armour
 b - a +0 scale mail (worn)
 c - a +0 shield (worn)
Scrolls
 f - 4 scrolls of remove curse {unknown}
 i - a scroll of enchant weapon {unknown}
 j - 7 scrolls of identify {unknown}
 k - a scroll of blinking {unknown}
 m - a scroll of teleportation {unknown}
Potions
 d - a potion of might
 g - a potion of lignification {unknown}
 h - 2 potions of agility {unknown}
 n - 2 potions of cancellation {unknown}
Comestibles
 e - 9 rations {!d}


   Skills:
 + Level 4.7 Fighting
 + Level 4.0 Long Blades
 - Level 2.1 Armour
 + Level 4.3 Shields


You had 4 spell levels left.
You didn't know any spells.
Your spell library was empty.

Dungeon Overview and Level Annotations

Branches:
Dungeon (4/15)
 Temple: D:4-7

Altars:
Hepliaklqana


Message History

Your shield and scale mail prevent you from hitting the worker ant.
The worker ant bites you but does no damage.
The worker ant bites you.
* * * LOW HITPOINT WARNING * * *
You are poisoned.
The worker ant poisons you!
You feel sick.
You hit the worker ant.
You kill the worker ant!
Your Long Blades skill increases to level 4!
You feel sick.
You feel sick.
You feel sick.
You feel sick.
You feel sick.
You are no longer poisoned.
You block the ogre's attack.
You are feeling hungry.
You closely miss the ogre.
The ogre hits you with a +0 giant spiked club!!
Ouch! That really hurt!
* * * LOW HITPOINT WARNING * * *
Found a scroll labeled FUVANWARARGH.
You see here a scroll labeled FUVANWARARGH.
An iguana comes into view.
The iguana hisses angrily.
You see here a scroll labeled FUVANWARARGH.
You are feeling very hungry.
The iguana hisses menacingly.
The iguana hisses menacingly.
The iguana bites you but does no damage.
You block the ogre's attack.
Found 5 gold pieces.
The iguana bites you!
Found a stone staircase leading up.
There is a stone staircase leading up here.
You climb upwards.
There is a stone staircase leading down here.
You hit the iguana but do no damage. You block the iguana's attack.
The iguana bites you!
You hit the iguana but do no damage. The iguana bites you!
* * * LOW HITPOINT WARNING * * *
You hit the iguana. The iguana bites you.
* * * LOW HITPOINT WARNING * * *
You hit the iguana. The iguana bites you.
* * * LOW HITPOINT WARNING * * *
You block the iguana's attack.
The iguana bites you but does no damage.
You hit the iguana. The iguana bites you!
You die...

#.##.#####.#########.# #
#.#..# #.#.........# #
#.#.######.#.######### # #.#.#
#.....#.### ## #.#.#
#.##.###..###### #.
#######.#######.##...#######.
##...##...##...####...........
#<.8..'.8....8l>#<....########
##...##...##.@.###############
#######'#######.# #........
#.# ##.## #..#####.#.##.## #.#
#...# #..........##.# #.#
#.8.# #.######.####.#
#.####...# #.# #.# #.#
#....##>## #.# #.# #.#
#####.### #.######.# #.## #.#
#........# #[..


You could see an iguana.

Vanquished Creatures
  2 orc priests (D:3)
  A worker ant (D:4)
  An adder (D:3)
  An ooze (D:2)
  5 worms
  2 dart slugs
  5 leopard geckos
  5 orcs
  5 giant cockroaches
  8 goblins
  9 hobgoblins
  2 jackals (D:1)
  3 quokkas (D:2)
  5 bats
  2 frilled lizards
  8 kobolds
  5 rats
69 creatures vanquished.

Notes
Turn   | Place    | Note
-------+----------+-------------------------------------------
     0 | D:1      | MalarOregon the Merfolk Fighter began the quest for the
                  | Orb.
     0 | D:1      | Reached XP level 1. HP: 18/18 MP: 1/1
   314 | D:1      | Reached XP level 2. HP: 21/24 MP: 2/2
   794 | D:2      | Reached XP level 3. HP: 9/30 MP: 3/3
  1607 | D:3      | Reached XP level 4. HP: 37/37 MP: 4/4
  1688 | D:3      | Noticed a two-headed ogre
  1787 | D:3      | Found a hazy altar of Hepliaklqana.
  2427 | D:3      | Reached XP level 5. HP: 25/43 MP: 5/5
  2907 | D:4      | Noticed an ogre
  3350 | D:3      | Slain by an iguana

Skill      XL: |  1  2  3  4  5 |
---------------+----------------+-----
Long Blades    | 3 4 |  4.0
Fighting       | 4 |  4.7
Shields        | 4 |  4.3
Armour         | |  2.1

Action                   |  1- 3 |  4- 6 || total
-------------------------+-------+-------++-------
Melee: Long sword        |   125 |   133 ||   258
  Eat: Chunk             |     2 |     5 ||     7
Armor: Scale mail        |    46 |    50 ||    96
Dodge: Dodged            |    25 |    43 ||    68
Block: Shield            |    50 |    81 ||   131
       Rpst.: Long sword |    11 |    13 ||    24
